Map: King's Cove LE

Players

playerX

  • Race: Zerg Zerg
  • League: Platinum
  • Spawn Location: 5:00

Parkkatz - Winner!

  • Race: Zerg Zerg
  • League: Platinum
  • Spawn Location: 11:00

VOD

Have the link to the VOD?

Description

Time

  • Played on: July 3, 2019, 12:09 p.m.
  • Length: 9:20
Show
View Real Time Build Order
Export as new Build Order

playerX Zerg 

Build Orders: Pool First 

Get SALT Encoding   

  12  0:03  Drone  
  13  0:17  Drone  
  14  0:33  Spawning Pool  
  14  0:34  Drone  
  14  0:49  Overlord  
  14  1:01  Extractor  
  13  1:21  Hatchery  
  12  1:28  Zergling x4  
  12  1:29  Zergling x2  
  15  1:35  Queen  
  17  1:55  Drone  
  17  1:56  Drone  
  19  2:11  Metabolic Boost  
  19  2:24  Drone x3  
  22  2:38  Drone x2  
  22  2:42  Queen  
  26  2:52  Drone x2  
  26  2:55  Overlord  
  28  3:08  Overlord x2  
  28  3:28  Drone x4  
  28  3:29  Drone x2  
  28  3:32  Baneling Nest  
  33  3:36  Extractor  
  32  3:42  Zergling x8  
  36  3:56  Zergling x4  
  36  4:00  Zergling x2  
  39  4:07  Zergling x2  
  40  4:12  Drone, Zergling x2  
  40  4:22  Queen x2  
  44  4:24  Drone  
  44  4:25  Drone  
  46  4:39  Drone x2  
  46  4:42  Hatchery  
  46  4:55  Zergling x8  
  48  5:05  Zergling x4  
  48  5:16  Zergling x4  
  50  5:24  Zergling x2  
  46  5:41  Baneling x4  
  46  5:42  Baneling x4  
  45  5:45  Extractor  
  45  5:48  Drone x3, Zergling x4  
  48  6:05  Zergling x6  
  48  6:06  Zergling x2  
  48  6:07  Drone  
  53  6:18  Drone x3  
  54  6:28  Zergling x6  
  52  6:34  Lair  
  50  6:43  Zergling x8  
  55  6:47  Zergling x6  
  57  7:00  Zergling x4  
  58  7:04  Overlord x2  
  58  7:05  Overlord x2  
  55  7:12  Zergling x6  
  55  7:20  Zergling x6  
  55  7:21  Zergling x4  
  55  7:22  Overlord x4  
  57  7:28  Evolution Chamber  
  56  7:30  Evolution Chamber  
  53  7:43  Zergling x12  
  53  7:44  Zergling x2  
  57  7:53  Zergling x4  
  57  7:54  Zergling x4  
  56  8:03  Zergling x2  
  56  8:04  Zergling x4  
  53  8:16  Zergling x8  
  54  8:23  Drone  
  54  8:26  Drone x2  
  56  8:34  Spire  
  49  8:45  Zergling x8  
  52  8:53  Baneling x4  
  52  8:54  Baneling x5, Zergling x2  
  52  8:55  Zergling x4  
Show
View Real Time Build Order
Export as new Build Order

Parkkatz Zerg - Winner!

Build Orders: Hatch First 

Get SALT Encoding   

  12  0:01  Drone  
  13  0:13  Overlord  
  13  0:19  Drone  
  14  0:31  Drone x2  
  16  0:36  Drone  
  17  0:48  Drone  
  18  0:58  Hatchery  
  18  1:02  Extractor  
  18  1:03  Drone  
  17  1:17  Spawning Pool  
  16  1:19  Drone  
  16  1:22  Drone  
  18  1:29  Drone  
  19  1:40  Overlord  
  19  2:04  Queen  
  21  2:12  Drone x4  
  21  2:14  Metabolic Boost  
  25  2:20  Queen  
  27  2:25  Zergling x4  
  29  2:36  Zergling x4  
  31  2:42  Overlord  
  31  2:58  Queen  
  33  3:07  Drone x4  
  33  3:08  Drone  
  38  3:14  Drone x3  
  38  3:19  Overlord  
  41  3:31  Drone x2  
  41  3:32  Drone  
  44  3:37  Extractor x2  
  44  3:40  Drone x2  
  44  3:52  Drone x2  
  44  3:53  Drone x2, Overlord  
  47  3:57  Drone  
  47  3:58  Drone  
  47  4:02  Lair  
  49  4:09  Roach Warren  
  48  4:11  Evolution Chamber  
  48  4:15  Zergling x6  
  47  4:27  Zergling x4  
  47  4:28  Zergling x2  
  50  4:32  Drone x2  
  50  4:33  Drone  
  50  4:38  Baneling Nest  
  52  4:41  Overlord x2  
  52  4:55  Overlord  
  50  5:00  Roach x4  
  47  5:11  Drone, Zergling x2  
  47  5:12  Zergling x8  
  52  5:14  Queen  
  54  5:27  Roach, Zergling x2  
  54  5:28  Roach  
  59  5:39  Roach x3  
  59  5:40  Roach  
  67  5:45  Zerg Missile Weapons Level 1  
  67  5:46  Spine Crawler  
  65  5:54  Roach  
  65  5:55  Roach  
  65  5:56  Overlord x2  
  66  6:02  Glial Reconstitution  
  65  6:10  Roach  
  67  6:12  Overlord x2  
  66  6:29  Hatchery  
  66  6:30  Roach x3  
  57  6:48  Roach  
  57  6:49  Roach x2  
  63  7:04  Queen  
  63  7:05  Queen  
  63  7:08  Drone x3  
  70  7:09  Drone x2  
  70  7:19  Roach x3  
  70  7:20  Roach  
  72  7:25  Roach  
  70  7:33  Roach x3  
  72  7:46  Roach x3  
  72  7:51  Roach x2  
  80  7:52  Roach  
  82  8:01  Roach x2  
  82  8:10  Roach x4  
  82  8:11  Overlord x2  
  86  8:18  Zergling x8  
  80  8:29  Roach  
  80  8:30  Roach x4  
  80  8:31  Queen  
  92  8:42  Drone  
  92  8:43  Drone x2  
  95  8:53  Roach x3  
  95  8:54  Drone x4, Roach  
  95  8:55  Drone  
  108  9:06  Baneling  
Tags
 
Add a new tag
Caveats
  • Supply blocks, unpowered buildings, or Contaminate may cause inaccurate times.
  • Supply counts are checked every 10 seconds.